 Dungeon Crawl Stone Soup version 0.31-a0-4-gefa6de2278 (webtiles) character file.

Game seed: 14303327801818249561

522 Maxmaps the Cutter (level 7, -2/52 HPs)
             Began as a Demonspawn Conjurer on May 4, 2023.
             Slain by an orc warrior
             ... wielding a +0 glaive
              (17 damage)
             ... on level 4 of the Dungeon on May 5, 2023.
             The game lasted 00:06:08 (4234 turns).

Maxmaps the Cutter (Demonspawn Conjurer)            Turns: 4234, Time: 00:06:08

Health: -2/52      AC:  8    Str:  8    XL:     7   Next: 1%
Magic:  11/11      EV: 10    Int: 21    God:
Gold:   199        SH:  0    Dex: 11    Spells: 11/12 levels left

rFire   . . .        f - +0 dagger (venom)
rCold   . . .        (no shield)
rNeg    . . .        h - +0 ring mail
rPois   .            (helmet restricted)
rElec   .            (no cloak)
rCorr   .            (no gloves)
SInv    +            x - +2 pair of boots
Will    .....        t - amulet of regeneration
Stlth   +            e - ring of see invisible
HPRegen 1.08/turn    p - ring of wizardry
MPRegen 0.24/turn

%: wizardry (x1)
@: no status effects
A: antennae 2, magic regeneration, condensation shield
a: no special abilities


You were on level 4 of the Dungeon.
You visited 1 branch of the dungeon, and saw 4 of its levels.

You collected 199 gold pieces.

Inventory:

Hand Weapons
 f - a +0 dagger of venom (weapon)
Armour
 h - a +0 ring mail (worn)
 k - a +0 leather armour
 x - a +2 pair of boots (worn)
Magical Staves
 d - a staff of earth
 y - a staff of conjuration
Jewellery
 e - a ring of see invisible (left hand)
 p - a ring of wizardry (right hand)
 t - an amulet of regeneration (around neck)
Wands
 z - a wand of roots (5)
Scrolls
 a - a scroll of teleportation {unknown}
 c - a scroll of fog {unknown}
 i - a scroll of poison {unknown}
 m - a scroll of identify {unknown}
 o - a scroll of enchant armour {unknown}
 q - a scroll of amnesia {unknown}
 r - a scroll of brand weapon {unknown}
 s - 2 scrolls of vulnerability {unknown}
 w - a scroll of magic mapping {unknown}
Potions
 b - a potion of magic
 g - a potion of mutation {unknown}
 j - 2 potions of degeneration {unknown}
 l - 3 potions of curing {unknown}
 n - a potion of flight {unknown}
 u - 2 potions of lignification {unknown}
 v - a potion of heal wounds {unknown}


   Skills:
 - Level 3.1 Fighting
 + Level 5.2 Short Blades
 - Level 1.7 Dodging
 - Level 1.7 Stealth
 - Level 3.2 Spellcasting
 - Level 4.0 Conjurations


You had 11 spell levels left.
You knew the following spells:

 Your Spells              Type           Power      Damage    Failure   Level
a - Magic Dart            Conj           80%        1d7       3%          1

Your spell library contained the following spells:

 Spells                   Type           Power      Damage    Failure   Level
 Searing Ray              Conj           40%        2d5       4%          2
 Necrotise                Necr           12%        1d4       16%         1
 Dazzling Flash           Conj/Hex       22%        N/A       21%         3
 Vampiric Draining        Necr           3%         2d6       43%         3
 Fulminant Prism          Conj/Hex       5%         3d6       54%         4
 Iskenderun's Mystic Bla  Conj/Tloc      11%        2d4       54%         4
 Agony                    Necr           3%         N/A       98%         5
 Simulacrum               Ice/Necr       1%         N/A       100%        6
 Ozocubu's Refrigeration  Ice            1%         4d7       100%        7
 Polar Vortex             Ice            1%         N/A       100%        9


Dungeon Overview and Level Annotations

Branches:
Dungeon (4/15)
 Temple: D:4-7

Altars:
Cheibriados
Makhleb

Shops:
D:3 *

Annotations:
D:2 1 runed translucent door, Crazy Yiuf


Innate Abilities, Weirdness & Mutations

You have a pair of antennae on your head.
You regenerate magic rapidly.
A meltable shield of frost defends you. (SH +0)


Message History

You hit the orc wizard.
The orc wizard looks even sicker.
The orc wizard is moderately wounded.
You hit the orc wizard.
The orc wizard is moderately wounded.
The orc wizard hits you but does no damage.
You barely miss the orc wizard.
The orc wizard is heavily wounded.
The orc wizard gestures at you while chanting.
The magic dart hits you!
You hit the orc wizard but do no damage.
The orc wizard is heavily wounded.
The orc wizard hits you but does no damage.
You closely miss the orc wizard.
The orc wizard is heavily wounded.
The orc wizard hits you with a +0 dagger.
You barely miss the orc wizard.
The orc wizard is heavily wounded.
You closely miss the orc wizard.
The orc wizard is heavily wounded.
The orc wizard closely misses you.
You hit the orc wizard.
The orc wizard looks as sick as possible!
The orc wizard is severely wounded.
You kill the orc wizard!
You have reached level 7!
You barely miss the orc. The orc hits you but does no damage.
The orc warrior closely misses you.
You barely miss the orc. You barely miss the orc. The orc misses you.
The orc warrior hits you from afar with a +0 glaive!
You hit the orc.
The orc is poisoned.
The orc is lightly wounded.
The orc barely misses you.
The orc warrior hits you from afar with a +0 glaive!!
* * * LOW HITPOINT WARNING * * *
You hit the orc.
The orc is almost dead.
You kill the orc!
The orc warrior hits you from afar with a +0 glaive!
You die...

#....# {#....# ###
{#....#
#####.8o#o.
{#....#
#.o'{{oooo. #....#
##.###.8.#o.
#.#### ..{# ###
#.# .### #.# {#
#@# .# #)# ####
#o# ...### #.#
##...###########.#
###.....oo..{...#
###############


You could see an orc warrior.

Vanquished Creatures
  A black bear (D:4)
  2 scorpions (D:4)
  2 orc priests
  An iguana (D:4)
  2 orc wizards
  A mummy (D:4)
  4 gnolls (D:3)
  5 adders
  2 worms
  3 dart slugs
  3 orcs
  11 ball pythons
  7 bats
  6 endoplasms
  3 giant cockroaches
  2 goblins
  10 hobgoblins
  2 jackals (D:2)
  5 quokkas
  3 frilled lizards
  9 kobolds
  6 rats
90 creatures vanquished.

Vanquished Creatures (others)
  9 plants (D:3)
9 creatures vanquished.

Grand Total: 99 creatures vanquished

Notes
Turn   | Place    | Note
-------+----------+-------------------------------------------
     0 | D:1      | Maxmaps the Demonspawn Conjurer began the quest for the
                  | Orb.
     0 | D:1      | Reached XP level 1. HP: 13/13 MP: 3/3
   451 | D:1      | Gained mutation: A meltable shield of frost defends you.
                  | (SH +0) [demonic ancestry]
   451 | D:1      | Reached XP level 2. HP: 19/19 MP: 3/5
  1677 | D:2      | Gained mutation: You regenerate magic rapidly. [demonic
                  | ancestry]
  1677 | D:2      | Reached XP level 3. HP: 25/25 MP: 7/7
  1715 | D:2      | Reached skill level 1 in Fighting
  2084 | D:2      | Found a runed translucent door.
  2085 | D:2      | Noticed Crazy Yiuf
  2468 | D:3      | Gained mutation: You have a pair of small antennae on your
                  | head. [demonic ancestry]
  2468 | D:3      | Reached XP level 4. HP: 20/34 MP: 8/8
  2722 | D:3      | Reached skill level 1 in Short Blades
  2722 | D:3      | Gained mutation: You have a pair of antennae on your head.
                  | [demonic ancestry]
  2722 | D:3      | Reached XP level 5. HP: 37/41 MP: 9/9
  2851 | D:2      | Reached skill level 2 in Short Blades
  3187 | D:3      | Reached skill level 3 in Short Blades
  3224 | D:3      | Found Xaehem's General Store.
  3366 | D:3      | Found a burning altar of Makhleb.
  3561 | D:4      | Reached XP level 6. HP: 27/47 MP: 10/10
  3728 | D:4      | Reached skill level 4 in Short Blades
  3770 | D:4      | Found a snail-covered altar of Cheibriados.
  3876 | D:4      | Reached skill level 5 in Short Blades
  4180 | D:4      | Noticed an orc warrior
  4230 | D:4      | Reached XP level 7. HP: 42/52 MP: 11/11
  4234 | D:4      | Slain by an orc warrior

Illustrated notes

Levels and vault maps discovered:
D:1:      nzn_arrival_depleted_hourglass, layout_loops_ring,
          minmay_fountain_box, dk_noncrumbling_2, nicolae_eternal_life
D:2:      layout_loops_ring, minmay_pentomino_o2, uniq_crazy_yiuf_cottage
D:3:      layout_loops_cross, lightli_temple_of_fire, serial_shops, shop_statue,
          nicolae_grassy_gnolls
D:4:      layout_basic, slow_altar_1, corexii_hall_statues_i,
          pf_guarded_unrand_delatra

Skill      XL: |  1  2  3  4  5  6 |
---------------+-------------------+-----
Spellcasting   | 3 |  3.2
Fighting       | 2 3 |  3.1
Short Blades   | 1 3 5 |  5.2
Dodging        | |  1.7
Stealth        | |  1.7
Conjurations   | |  4.0

Action                     |  1- 3 |  4- 6 |  7- 9 || total
---------------------------+-------+-------+-------++-------
  Melee: Dagger            |   102 |   194 |     5 ||   301
         Punch             |       |     5 |       ||     5
   Cast: Magic Dart        |    44 |       |       ||    44
    Use: Potion            |       |     1 |       ||     1
   Stab: Sleeping          |     1 |     1 |       ||     2
         Distracted        |       |     1 |       ||     1
 Armour: Leather armour    |    36 |    14 |       ||    50
         Ring mail         |       |    45 |     1 ||    46
  Dodge: Dodged            |    60 |    90 |     3 ||   153
  Block: Other             |    24 |    33 |       ||    57

Table legend: (Time is in decaauts)
 A = Elapsed time spent in this place.
 B = Non-inter-level travel time spent in this place.
 C = Inter-level travel time spent in this place.
 D = Time resting spent in this place.
 E = Time spent auto-exploring this place.
 F = Levels seen in this place.
 G = Mean time per level.
                   A        B        C        D        E       F      G
               +--------+--------+--------+--------+--------+-----+--------+
         Total |   4217 |   4040 |    177 |    325 |   2953 |   4 | 1054.2 |
       Dungeon |   4217 |   4040 |    177 |    325 |   2953 |   4 | 1054.2 |
               +--------+--------+--------+--------+--------+-----+--------+

Top non-repeatable levels by time:
     D:2: 1306 daAuts
     D:1: 1244 daAuts
     D:3: 952 daAuts
     D:4: 715 daAuts
